 Dungeon Crawl Stone Soup version 0.27.1-1-g398f81649c (webtiles) character file.

Game seed: 8643188825206646470

1863 greenlake the Shield-Bearer (level 9, -3/73 HPs)
             Began as a Gnoll Fighter on Sept 14, 2021.
             Was an Initiate of Okawaru.
             Killed from afar by a steam dragon (9 damage)
             ... with a ball of steam
             ... on level 7 of the Dungeon on Sept 15, 2021.
             The game lasted 00:20:55 (8262 turns).

greenlake the Shield-Bearer (Gnoll Fighter)         Turns: 8262, Time: 00:20:56

Health: -3/73      AC: 10    Str: 15    XL:     9   Next: 13%
Magic:  14/14      EV: 11    Int: 10    God:    Okawaru [......]
Gold:   214        SH: 10    Dex: 13    Spells: 15/15 levels left

rFire    . . .     SeeInvis .   a - +0 trident
rCold    . . .     Faith    .   c - +0 kite shield
rNeg     . . .     Spirit   .   j - +3 leather armour
rPois    .         Reflect  .   (no helmet)
rElec    .         Harm     .   e - +2 cloak
rCorr    .         Rampage  .   (no gloves)
Will     .....                  (no boots)
Stlth    ++........             (no amulet)
HPRegen  0.22/turn              (no ring)
MPRegen  0.14/turn              (no ring)

@: no status effects
A: fangs 1, strong nose, distributed training
a: Renounce Religion


You were on level 7 of the Dungeon.
You worshipped Okawaru.
Okawaru was noncommittal.
You visited 2 branches of the dungeon, and saw 8 of its levels.

You collected 214 gold pieces.

Inventory:

Hand Weapons
 a - a +0 trident (weapon)
Missiles
 q - 9 atropa-tipped darts (quivered)
 v - 37 poisoned darts
Armour
 b - a +0 scale mail
 c - a +0 kite shield (worn)
 e - a +2 cloak (worn)
 j - a +3 leather armour (worn)
 o - a +2 tower shield
Jewellery
 s - an amulet of magic regeneration
Wands
 y - a wand of charming (3)
Scrolls
 f - 2 scrolls of magic mapping {unknown}
 g - 3 scrolls of teleportation {unknown}
 i - 7 scrolls of identify {unknown}
 k - a scroll of blinking {unknown}
 n - 2 scrolls of amnesia
 r - a scroll of fog
 t - 2 scrolls of immolation {unknown}
Potions
 d - a potion of might
 h - 3 potions of curing {unknown}
 l - 2 potions of mutation {unknown}
 m - a potion of attraction {unknown}
 p - 3 potions of heal wounds {unknown}
 u - a potion of degeneration {unknown}
 w - a potion of cancellation {unknown}
 x - a potion of berserk rage {unknown}


   Skills:
 + Level 7.7 Fighting
 + Level 3.9 Short Blades
 + Level 3.9 Long Blades
 + Level 3.9 Axes
 + Level 3.9 Maces & Flails
 + Level 6.1 Polearms
 + Level 3.9 Staves
 + Level 3.9 Slings
 + Level 3.9 Bows
 + Level 3.9 Crossbows
 + Level 3.9 Throwing
 + Level 7.7 Armour
 + Level 3.9 Dodging
 + Level 3.9 Stealth
 + Level 7.7 Shields
 + Level 3.9 Unarmed Combat
 + Level 3.9 Spellcasting
 + Level 3.2 Conjurations
 + Level 3.2 Hexes
 + Level 3.2 Summonings
 + Level 3.2 Necromancy
 + Level 3.2 Translocations
 + Level 3.2 Transmutations
 + Level 3.2 Fire Magic
 + Level 3.2 Ice Magic
 + Level 3.2 Air Magic
 + Level 3.2 Earth Magic
 + Level 3.2 Poison Magic
 + Level 4.3 Invocations
 + Level 3.9 Evocations


You had 15 spell levels left.
You didn't know any spells.
Your spell library contained the following spells:

 Spells                   Type           Power      Damage    Failure   Level
 Corona                   Hex            8%         N/A       22%         1
 Ensorcelled Hibernation  Hex/Ice        16%        N/A       32%         2
 Passwall                 Tmut/Erth      6%         N/A       32%         2
 Swiftness                Air            8%         N/A       54%         3
 Tukima's Dance           Hex            8%         N/A       54%         3
 Invisibility             Hex            4%         N/A       100%        6


Dungeon Overview and Level Annotations

Branches:
Dungeon (7/15)             Temple (1/1) D:6

Altars:
Ashenzari
Cheibriados
Elyvilon
Makhleb
Nemelex Xobeh
Okawaru
Qazlal
Sif Muna
Trog
Uskayaw
Wu Jian
Xom
Yredelemnul
Zin

Shops:
D:2 [   D:7 (:(

Annotations:
D:3 Terence
D:7 Prince Ribbit


Innate Abilities, Weirdness & Mutations

You have very sharp teeth.
Your uncanny sense of smell can sniff out nearby items.
Your experience applies equally to all skills.


Message History

The steam dragon hisses angrily.
Prince Ribbit comes into view.
The steam dragon breathes steam at you. The ball of steam hits you!
A centaur skeleton comes into view.
Found a scroll labelled VEER FUHUGH.
You reach to attack!
You hit the steam dragon.
The steam dragon is lightly wounded.
The steam dragon breathes steam at you. The ball of steam hits you!!
Prince Ribbit is engulfed in a cloud of scalding steam.
Prince Ribbit blinks!
Found an ivory wand.
Found a pair of boots and a scroll labelled PYUTIN GANAN.
The centaur skeleton barely misses you.
The centaur skeleton kicks you but does no damage.
The steam dragon breathes steam at you. The ball of steam hits you!!
* * * LOW HITPOINT WARNING * * *
The centaur skeleton is engulfed in a cloud of scalding steam.
You block the centaur skeleton's attack.
The centaur skeleton kicks you but does no damage.
You block the steam dragon's attack. The steam dragon barely misses you.
Prince Ribbit is engulfed in a cloud of scalding steam.
Prince Ribbit is engulfed in a cloud of scalding steam.
The steam dragon breathes steam at you. The ball of steam hits you!
* * * LOW HITPOINT WARNING * * *
You are engulfed in a cloud of scalding steam.
You are engulfed in a cloud of scalding steam.
* * * LOW HITPOINT WARNING * * *
You are engulfed in a cloud of scalding steam.
As you read the scroll labelled PYUTIN GANAN, it crumbles to dust.
It is a scroll of amnesia.
You feel forgetful for a moment.
As you read the scroll labelled DIADI YHITOSTRE, it crumbles to dust.
The scroll dissolves into smoke.
It was a scroll of fog.
The steam dragon breathes steam at you. The ball of steam hits you!
You die...

....... #.....
#..... #.# #[....
#.# #..... #.#
####..... #§#
#........ #§#
##.##..... #@#
.......... #§#
..##.....
#D###########.....
#§§§.......DFZ?...
#############.....
#§.... ######


You could see a steam dragon (catching breath).

Vanquished Creatures
  Eustachio (D:6)
  An orc warrior (D:6)
  An ice beast (D:4)
  3 black bears
  A necrophage (D:4)
  An ogre (D:5)
  A centaur (D:6)
  A kobold brigand (D:6)
  A phantom (D:4)
  A bullfrog (D:6)
  A scorpion (D:4)
  A howler monkey (D:6)
  A centaur zombie (D:5)
  3 bullfrog zombies (D:6)
  A centaur skeleton (D:6)
  2 hounds
  3 orc priests (D:6)
  A bullfrog skeleton (D:5)
  A scorpion zombie (D:5)
  An iguana (D:6)
  3 orc wizards
  A hound skeleton (D:5)
  A howler monkey zombie (D:5)
  3 gnolls (D:4)
  2 howler monkey skeletons
  3 adders
  A shadow imp (D:5)
  3 white imps
  2 adder skeletons
  A worm (D:2)
  20 orcs
  10 endoplasms
  4 giant cockroaches
  6 goblins
  7 hobgoblins
  7 jackals
  A quokka (D:1)
  7 ball pythons
  2 bats
  2 frilled lizards
  8 kobolds
  5 rats
126 creatures vanquished.

Vanquished Creatures (others)
  An orc wizard (D:6)
1 creature vanquished.

Grand Total: 127 creatures vanquished

Notes
Turn   | Place    | Note
-------+----------+-------------------------------------------
     0 | D:1      | greenlake the Gnoll Fighter began the quest for the Orb.
     0 | D:1      | Reached XP level 1. HP: 23/23 MP: 1/1
    94 | D:1      | Reached XP level 2. HP: 25/29 MP: 2/2
   837 | D:2      | Reached XP level 3. HP: 35/35 MP: 3/3
   911 | D:2      | Reached skill level 1 in Invocations
   912 | D:2      | Found Uhiomeca's Armour Shop.
  1046 | D:2      | Reached skill level 1 in Short Blades
  1046 | D:2      | Reached skill level 1 in Long Blades
  1046 | D:2      | Reached skill level 1 in Axes
  1046 | D:2      | Reached skill level 1 in Maces & Flails
  1046 | D:2      | Reached skill level 1 in Staves
  1046 | D:2      | Reached skill level 1 in Slings
  1046 | D:2      | Reached skill level 1 in Bows
  1046 | D:2      | Reached skill level 1 in Crossbows
  1046 | D:2      | Reached skill level 1 in Throwing
  1046 | D:2      | Reached skill level 1 in Dodging
  1046 | D:2      | Reached skill level 1 in Stealth
  1046 | D:2      | Reached skill level 1 in Unarmed Combat
  1046 | D:2      | Reached skill level 1 in Spellcasting
  1046 | D:2      | Reached skill level 1 in Evocations
  1372 | D:2      | Reached XP level 4. HP: 41/41 MP: 5/5
  1751 | D:3      | Noticed Terence
  1765 | D:4      | Noticed a scorpion
  1772 | D:4      | Noticed an ice beast
  1790 | D:4      | Killed a scorpion
  1791 | D:4      | Reached skill level 1 in Conjurations
  1791 | D:4      | Reached skill level 1 in Hexes
  1791 | D:4      | Reached skill level 1 in Summonings
  1791 | D:4      | Reached skill level 1 in Necromancy
  1791 | D:4      | Reached skill level 1 in Translocations
  1791 | D:4      | Reached skill level 1 in Transmutations
  1791 | D:4      | Reached skill level 1 in Fire Magic
  1791 | D:4      | Reached skill level 1 in Ice Magic
  1791 | D:4      | Reached skill level 1 in Air Magic
  1791 | D:4      | Reached skill level 1 in Earth Magic
  1791 | D:4      | Reached skill level 1 in Poison Magic
  1791 | D:4      | Reached XP level 5. HP: 20/47 MP: 5/7
  1803 | D:4      | Killed an ice beast
  1804 | D:4      | Reached XP level 6. HP: 24/53 MP: 6/8
  2439 | D:4      | Found a shimmering blue altar of Sif Muna.
  2448 | D:4      | Reached skill level 5 in Polearms
  2586 | D:4      | Noticed a necrophage
  2593 | D:4      | Killed a necrophage
  2707 | D:4      | Found a snail-covered altar of Cheibriados.
  2814 | D:4      | Noticed a black bear
  2822 | D:4      | Killed a black bear
  2823 | D:4      | Reached XP level 7. HP: 54/60 MP: 10/10
  3344 | D:5      | Entered Level 5 of the Dungeon
  3374 | D:5      | Found a hide-covered altar of Uskayaw.
  3820 | D:5      | Reached XP level 8. HP: 36/67 MP: 12/12
  4102 | D:6      | Found a shimmering altar of Xom.
  4360 | D:6      | Found a staircase to the Ecumenical Temple.
  4508 | D:6      | Found a burning altar of Makhleb.
  4519 | D:6      | Noticed Eustachio
  4927 | D:6      | Found a shimmering altar of Xom.
  7285 | D:6      | Killed Eustachio
  7286 | D:6      | Reached XP level 9. HP: 59/73 MP: 14/14
  7446 | Temple   | Entered the Ecumenical Temple
  7507 | Temple   | Became a worshipper of Warmaster Okawaru
  8008 | D:7      | Found Gigit's Antique Weapon Boutique.
  8027 | D:7      | Found Lunic's Book Boutique.
  8211 | D:7      | Found Daexkol's Antique Weapon Boutique.
  8233 | D:7      | Noticed Prince Ribbit
  8262 | D:7      | Killed from afar by a steam dragon

Illustrated notes

Levels and vault maps discovered:
D:1:      dpeg_arrival_rhombus, layout_loops_ring
D:2:      layout_basic, serial_shops, shop_fountains, guppyfry_early_orc_mine
D:3:      layout_basic, gammafunk_ghost_abyssal_escape, uniq_terence
D:4:      layout_loops_ring, kennysheep_orc_sif_temple,
          nicolae_overflow_crystal_walls, grunt_ministairs_7
D:5:      layout_basic, nicolae_uskayaw_dance_hall
D:6:      layout_basic, mainiacjoe_overflow_catwalk, minmay_temple_entry_trees,
          hangedman_feature_mirror, uniq_eustachio
D:7:      layout_basic, nicolae_gozag_seed_capital, fedhas_altar_fruit_tree,
          jmf_multi_god_temple2, serial_shops, shop, kennysheep_little_box,
          nicolae_shop_stone, minmay_stone_trees_small, uniq_menkaure,
          uniq_prince_ribbit1
Temple:   jpeg_temple_island

Skill      XL: |  1  2  3  4  5  6  7  8 |
---------------+-------------------------+-----
Invocations    | 1 2 3 4 |  4.3
Short Blades   | 1 2 3 |  3.9
Long Blades    | 1 2 3 |  3.9
Axes           | 1 2 3 |  3.9
Maces & Flails | 1 2 3 |  3.9
Staves         | 1 2 3 |  3.9
Slings         | 1 2 3 |  3.9
Bows           | 1 2 3 |  3.9
Crossbows      | 1 2 3 |  3.9
Throwing       | 1 2 3 |  3.9
Dodging        | 1 2 3 |  3.9
Stealth        | 1 2 3 |  3.9
Unarmed Combat | 1 2 3 |  3.9
Spellcasting   | 1 2 3 |  3.9
Evocations     | 1 2 3 |  3.9
Conjurations   | 1 2 3 |  3.2
Hexes          | 1 2 3 |  3.2
Summonings     | 1 2 3 |  3.2
Necromancy     | 1 2 3 |  3.2
Translocations | 1 2 3 |  3.2
Transmutations | 1 2 3 |  3.2
Fire Magic     | 1 2 3 |  3.2
Ice Magic      | 1 2 3 |  3.2
Air Magic      | 1 2 3 |  3.2
Earth Magic    | 1 2 3 |  3.2
Poison Magic   | 1 2 3 |  3.2
Polearms       | 5 6 |  6.1
Fighting       | 7 |  7.7
Armour         | 7 |  7.7
Shields        | 7 |  7.7

Action                   |  1- 3 |  4- 6 |  7- 9 || total
-------------------------+-------+-------+-------++-------
Melee: Trident           |   119 |   112 |   426 ||   657
       Bite              |     8 |     6 |    39 ||    53
Throw: Dart              |       |     2 |    35 ||    37
  Use: Potion            |       |       |     1 ||     1
       Scroll            |       |       |     2 ||     2
 Stab: Invisible         |       |       |     1 ||     1
Armor: Scale mail        |    34 |    51 |   183 ||   268
       Leather armour    |       |       |    37 ||    37
Dodge: Dodged            |    23 |    38 |   150 ||   211
Block: Kite shield       |    63 |    51 |   284 ||   398
